 Dungeon Crawl Stone Soup version 0.26.0-45-g9c1d065592 (webtiles) character file.

Game seed: 11398609421505228964

493 trckry the Bolt Thrower (level 7, -11/41 HPs)
             Began as a Tengu Hunter on Jan 29, 2021.
             Was an Initiate of Okawaru.
             Mangled by an ogre
             ... wielding a +0 giant club
              (20 damage)
             ... on level 3 of the Dungeon.
             The game lasted 00:11:31 (6167 turns).

trckry the Bolt Thrower (Tengu Hunter)              Turns: 6167, Time: 00:11:32

Health: -11/41     AC: 11    Str: 14    XL:     7   Next: 15%
Magic:  9/9        EV:  6    Int: 12    God:    Okawaru [......]
Gold:   151        SH:  0    Dex: 20    Spells: 6/6 levels left

rFire    . . .     SeeInvis .   b - +0 quarterstaff
rCold    + . .     Faith    .   (shield currently unavailable)
rNeg     . . .     Spirit   .   s - +0 plate armour
rPois    .         Reflect  .   (helmet restricted)
rElec    .         Harm     .   u - scarf {+Inv}
rCorr    .         Rampage  .   (no gloves)
Will     .....                  (boots unavailable)
Stlth    ..........             (no amulet)
HPRegen  0.13/turn              v - ring of protection from cold
MPRegen  0.11/turn              c - +6 ring of dexterity

@: flying quickly and evasively, quick
A: beak, talons 3, able to fly
a: Stop Flying, Renounce Religion, Evoke Invisibility


You were on level 3 of the Dungeon.
You worshipped Okawaru.
Okawaru was noncommittal.
You visited 2 branches of the dungeon, and saw 5 of its levels.

You collected 151 gold pieces.

Inventory:

Hand Weapons
 a - a +1 hand crossbow
 b - a +0 quarterstaff (weapon)
Missiles
 d - 62 bolts
 p - 14 poisoned darts (quivered)
 x - a throwing net
Armour
 s - a +0 plate armour (worn)
 u - a scarf of invisibility (worn)
Jewellery
 c - a +6 ring of dexterity (right hand)
 o - an uncursed ring of ice
 v - a ring of protection from cold (left hand)
Wands
 y - a wand of random effects (20)
Scrolls
 g - 2 scrolls of blinking {unknown}
 h - 3 scrolls of identify {unknown}
 i - 2 scrolls of enchant weapon {unknown}
 j - 6 scrolls of teleportation {unknown}
 l - a scroll of magic mapping {unknown}
 m - a scroll of amnesia {unknown}
 r - 2 scrolls of fear {unknown}
 t - 2 scrolls of immolation {unknown}
 w - 3 scrolls of random uselessness {unknown}
Potions
 e - a potion of invisibility
 f - 2 potions of lignification
 k - a potion of might
 n - a potion of haste {unknown}


   Skills:
 + Level 3.1 Fighting
 + Level 2.6 Staves
 * Level 6.0 Crossbows
 + Level 2.2 Armour
 + Level 3.4 Dodging
 - Level 1.0 Stealth
 + Level 2.0 Invocations
 + Level 2.2 Evocations


You had 6 spell levels left.
You didn't know any spells.
Your spell library contained the following spells:

 Spells                   Type           Power        Failure   Level
 Beastly Appendage        Tmut           0%           100%        1
 Magic Dart               Conj           0%           100%        1
 Searing Ray              Conj           0%           100%        2
 Wereblood                Tmut           0%           100%        2
 Dazzling Flash           Conj/Hex       0%           100%        3
 Spider Form              Tmut/Pois      0%           100%        3
 Fulminant Prism          Conj/Hex       0%           100%        4
 Ice Form                 Ice/Tmut       0%           100%        4
 Iskenderun's Mystic Bla  Conj/Tloc      0%           100%        4
 Blade Hands              Tmut           0%           100%        5


Dungeon Overview and Level Annotations

Branches:
Dungeon (4/15)             Temple (1/1) D:4

Altars:
Ashenzari
Cheibriados
Dithmenos
Elyvilon
Fedhas
Gozag
Hepliaklqana
Kikubaaqudgha
Makhleb
Nemelex Xobeh
Okawaru
Qazlal
Ru
Sif Muna
Trog
Uskayaw
Vehumet
Wu Jian
Xom
Yredelemnul
Zin
The Shining One

Annotations:
D:3 Grinder; Natasha
D:4 3 runed translucent doors, Asceticacid's ghost, amateur DsGl


Innate Abilities, Weirdness & Mutations

You have a beak for a mouth.
You have claws for feet.
You can fly continuously.


Message History

The leopard gecko barely misses you. x2
Throw: 15 darts (poison)
Press: ? - help, Q - select action, (/) - cycle Shift-Dir - straight line, f/p - leopard gecko
Aim: a leopard gecko (severely wounded, poisoned, 48% to hit)
You throw a poisoned dart.
The poisoned dart hits the leopard gecko.
The leopard gecko is severely wounded.
You kill the leopard gecko!
Okawaru accepts your kill.
The ogre hits you with a +0 giant club!!
Ouch! That really hurt!
Evoke which item? (* to show all) (? for menu, Esc to quit)
Aiming: Random Effects
Press: ? - help, Shift-Dir - straight line, f - ogre
Aim: an ogre, wielding a +0 giant club The ogre twists and deforms.
The ogre hits you with a +0 giant club!
* * * LOW HITPOINT WARNING * * *
You feel yourself speed up.
The ogre hits you with a +0 giant club!!
You die...

#.>.........##
#####.......?.
#...#.##.#.
#5....#
#5##### #(#
#h### #.O.#
###@#
#.......#
#######.#


You could see an ogre (misshapen) and Natasha.

Vanquished Creatures
  2 scorpions (D:4)
  A bullfrog skeleton (D:3)
  A hound (D:4)
  A centaur skeleton (D:4)
  Natasha (twice) (D:3)
  A worker ant (D:4)
  Robin (D:1)
  4 gnolls (D:4)
  5 adders
  2 oozes
  4 worms
  3 dart slugs (D:3)
  5 leopard geckos
  3 orcs
  3 ball pythons
  12 bats
  3 giant cockroaches
  14 goblins
  14 hobgoblins
  4 jackals (D:2)
  8 kobolds
  3 quokkas
  6 frilled lizards
  8 rats
110 creatures vanquished.

Vanquished Creatures (others)
  A hobgoblin (D:2)
1 creature vanquished.

Grand Total: 111 creatures vanquished

Notes
Turn   | Place    | Note
-------+----------+-------------------------------------------
     0 | D:1      | trckry the Tengu Hunter began the quest for the Orb.
     0 | D:1      | Reached XP level 1. HP: 12/12 MP: 2/2
   149 | D:1      | Reached XP level 2. HP: 7/17 MP: 3/3
  1274 | D:1      | Reached XP level 3. HP: 21/21 MP: 4/4
  1626 | D:2      | HP: 3/21 [kobold/stone (2)]
  1631 | D:2      | HP: 1/21 [quokka (2)]
  1638 | D:2      | HP: 1/31 [quokka (2)]
  1646 | D:2      | Reached skill level 1 in Staves
  1987 | D:2      | Noticed Robin
  2036 | D:2      | HP: 3/22 [goblin/stone[Robin] (5)]
  2414 | D:1      | Killed Robin
  2415 | D:1      | Reached skill level 1 in Armour
  2415 | D:1      | Reached skill level 1 in Evocations
  2415 | D:1      | Reached XP level 4. HP: 8/27 MP: 5/5
  2850 | D:2      | Reached skill level 1 in Invocations
  3006 | D:2      | Reached skill level 5 in Crossbows
  3340 | D:3      | Found a basalt altar of Yredelemnul.
  3609 | D:3      | Noticed Natasha
  3625 | D:3      | Killed Natasha
  3626 | D:3      | Gained mutation: You can fly continuously. [Tengu growth]
  3626 | D:3      | Reached XP level 5. HP: 23/31 MP: 6/6
  4006 | D:3      | Noticed Grinder
  4011 | D:3      | Paralysed by Grinder for 6 turns
  4166 | D:3      | Paralysed by Grinder for 2 turns
  4434 | D:3      | Noticed Natasha
  4439 | D:3      | Killed Natasha
  4440 | D:3      | Reached XP level 6. HP: 36/36 MP: 8/8
  4582 | D:4      | Found a staircase to the Ecumenical Temple.
  4768 | Temple   | Entered the Ecumenical Temple
  4771 | Temple   | HP: 5/37 [poisoned by a scorpion]
  4777 | Temple   | HP: 3/37 [poisoned by a scorpion]
  4785 | Temple   | HP: 2/37 [poisoned by a scorpion]
  4793 | Temple   | HP: 1/37 [poisoned by a scorpion]
  5244 | Temple   | Became a worshipper of Warmaster Okawaru
  5455 | D:4      | Found a runed translucent gate.
  5455 | D:4      | Found a runed translucent gate.
  5457 | D:4      | Found a runed translucent gate.
  5460 | D:4      | Found an opulent altar of Gozag.
  5462 | D:4      | Noticed Asceticacid's ghost (amateur DsGl)
  5531 | D:4      | Reached XP level 7. HP: 33/41 MP: 9/9
  5777 | D:4      | Reached skill level 6 in Crossbows
  6152 | D:3      | Noticed Natasha
  6167 | D:3      | Mangled by an ogre

Illustrated notes

Levels and vault maps discovered:
D:1:      lemuel_arrival_lava_pool, layout_basic
D:2:      layout_loops_ring, uniq_robin
D:3:      layout_basic, yredelemnul_altar_generic, uniq_grinder, uniq_natasha
D:4:      cheibrodos_greedy_goblins, layout_loops_cross,
          minmay_temple_entry_arrows, ebering_ghost_gozag,
          hangedman_glass_teeth, minmay_stone_trees_small
Temple:   minmay_crystal_snake_temple

Skill      XL: |  1  2  3  4  5  6  7 |
---------------+----------------------+-----
Staves         | 1 2 |  2.6
Armour         | 1 2 |  2.2
Evocations     | 1 2 |  2.2
Invocations    | 1 2 |  2.0
Crossbows      | 5 6 |  6.0
Dodging        | 3 |  3.4
Fighting       | 3 |  3.1
Stealth        | |  1.0

Action                   |  1- 3 |  4- 6 |  7- 9 || total
-------------------------+-------+-------+-------++-------
Melee: Short sword       |   113 |    31 |       ||   144
       Kick              |    28 |    53 |     8 ||    89
       Peck              |    15 |    23 |     2 ||    40
       Quarterstaff      |       |   118 |    28 ||   146
 Fire: Hand crossbow     |     4 |    15 |       ||    19
Throw: Dart              |       |     1 |     4 ||     5
 Abil: Fly               |       |     1 |       ||     1
Evoke: Wand              |       |     5 |     1 ||     6
  Use: Potion            |     3 |     2 |       ||     5
 Stab: Sleeping          |     3 |     1 |       ||     4
       Invisible         |     1 |       |       ||     1
       Confused          |       |     2 |       ||     2
Armor: Leather armour    |    27 |     9 |       ||    36
       Skin              |    12 |       |       ||    12
       Plate armour      |       |    95 |    24 ||   119
Dodge: Dodged            |    73 |    44 |    15 ||   132
